 Dungeon Crawl Stone Soup version 0.15-a0-1766-g0ee8742 (webtiles) character file.

2993 nsdk123 the Protected (level 9, -3/79 HPs)
             Began as a Hill Orc Fighter on June 27, 2014.
             Was a Believer of Okawaru.
             Slain by an orc warrior
             ... wielding a +0 war axe
              (15 damage)
             ... on Level 8 of the Dungeon on June 28, 2014.
             The game lasted 00:33:01 (8261 turns).

nsdk123 the Protected (Hill Orc Fighter)            Turns: 8261, Time: 00:33:01

HP  -3/79        AC 14     Str 22      XL: 9   Next: 83%
MP  18/18        EV  8     Int  8      God: Okawaru [**....]
Gold 265         SH 11     Dex 10      Spells:  0 memorised,  8 levels left

rFire  . . .     SeeInvis .     (no weapon)
rCold  . . .     Clarity  .     q - +2 scale mail {rPois}
rNeg   . . .     rCorr    .     c - +0 shield
rPois  +         rRot     .     (no helmet)
rElec  .         Spirit   .     (no cloak)
SustAb .         Warding  .     z - +0 pair of gloves
rMut   .         Stasis   .     (no boots)
Gourm  .                        (no amulet)
MR     .....                    e - +3 ring of protection
                                f - ring of magical power

@: not resistant to hostile enchantments, extremely unstealthy
A: no striking features
a: Heroism, Renounce Religion


You were on level 8 of the Dungeon.
You worshipped Okawaru.
Okawaru was pleased with you.
You were not hungry.

You visited 2 branches of the dungeon, and saw 10 of its levels.

You collected 400 gold pieces.
You spent 135 gold pieces at shops.

Inventory:

Hand weapons
 a - a +1 long sword
 h - the +9 dagger "Hifal" {drain, rElec rPois Stlth+}
   (You found it on level 5 of the Dungeon)

   A truly terrible weapon, it drains the life of those it strikes.
   It insulates you from electricity.
   It protects you from poison.
   It makes you more stealthy.
 i - a -1 dagger
Armour
 b - a +0 scale mail
 c - a +0 shield (worn)
 q - a +2 scale mail of poison resistance (worn)
 z - a +0 pair of gloves (worn)
Comestibles
 g - 3 fruits
 o - 5 bread rations
 t - a royal jelly
 u - 7 beef jerkies
Scrolls
 j - 3 scrolls of remove curse
 m - 10 scrolls of identify
 n - 3 scrolls of enchant weapon
 p - 4 scrolls of blinking {unknown}
 r - a scroll of immolation
 s - 2 scrolls of enchant armour {unknown}
 v - a scroll of amnesia {unknown}
 y - a scroll of teleportation {unknown}
 A - a scroll of fear {unknown}
Jewellery
 e - a +3 ring of protection (right hand)
 f - a ring of magical power (left hand)
 l - a cursed ring of protection from cold {unknown}
Potions
 d - a potion of heal wounds
 k - a potion of restore abilities
 w - 3 potions of curing
 x - a potion of poison {unknown}
 B - a potion of confusion {unknown}
Books
 C - a book of Minor Magic

   Spells                             Type                      Level
   Magic Dart                         Conjuration                  1
   Blink                              Translocation                2
   Call Imp                           Summoning                    2
   Repel Missiles                     Charms/Air                   2
   Slow                               Hexes                        2
   Conjure Flame                      Conjuration/Fire             3
   Mephitic Cloud                     Conjuration/Poison/Air       3
 D - a book of Hinderance

   Spells                             Type                      Level
   Confusing Touch                    Hexes                        2
   Confuse                            Hexes                        3
   Petrify                            Transmutation/Earth          4
   Leda's Liquefaction                Hexes/Earth                  4
   Metabolic Englaciation             Hexes/Ice                    5
   Summon Mana Viper                  Hexes/Summoning              5


   Skills:
 + Level 7.0 Fighting
 * Level 5.3(5.7) Short Blades
 + Level 5.0(5.7) Long Blades
 * Level 8.4 Armour
 - Level 1.6 Dodging
 - Level 0.1 Stealth
 + Level 8.3 Shields


You had 8 spell levels left.
You didn't know any spells.

Dungeon Overview and Level Annotations

Branches:
Dungeon (9/15)             Temple (1/1) D:5
    Orc: D:9-12        Lair: D:8-11

Altars:
Dithmenos
Elyvilon
Fedhas
Gozag
Kikubaaqudgha
Makhleb
Okawaru
Qazlal
Sif Muna
Trog
Yredelemnul
The Shining One

Shops:
D:4 *   D:7 !

Annotations:
D:5 MechanicPope's ghost, experienced FoFi
D:8 1 exclusion


Message History

The orc warrior is lightly wounded.
You feel like a meek peon again.
You barely miss the orc warrior.
The orc warrior is lightly wounded.
The orc warrior hits you with a war axe!
You hit the orc warrior but do no damage.
The orc warrior is lightly wounded.
The orc warrior hits you with a war axe!
* * * LOW HITPOINT WARNING * * *
You barely miss the orc warrior.
The orc warrior is lightly wounded.
The orc warrior hits you but does no damage.
You hit the orc warrior but do no damage.
The orc warrior is lightly wounded.
The orc warrior hits you with a war axe.
* * * LOW HITPOINT WARNING * * *
You hit the orc warrior but do no damage.
The orc warrior is lightly wounded.
The orc warrior hits you with a war axe!
You die...

########## ###
...#≈#∩#≈#
#####>###########
...#≈≈_≈≈#
#..@o)..........#
##.#≈≈.≈≈#
#.###.#####.###.#
#.#.≈.≈.# #.#
#######..##.#
#.##...## #.#
#........#
#.###'### #.#
#.##'##..# #.#
#.#.# #.#
#.#...#..# #.#
#...# #.#
#.#.8.#..#
#.####.######.#
#.#...#..###
#.............#
#.##'##....#


You could see an orc warrior.

Vanquished Creatures
  Pikel (D:6)
  Prince Ribbit (D:7)
  Menkaure (D:7)
  3 sky beasts
  A yellow wasp (D:7)
  An orc warrior (D:8)
  A phantom (D:6)
  An ice beast (D:5)
  2 centaurs
  Sigmund (D:6)
  2 big kobolds (D:8)
  A water moccasin (D:8)
  A water moccasin zombie (D:5)
  3 slaves (D:6)
  4 killer bees (D:7)
  A scorpion (D:6)
  3 crimson imps
  4 giant frogs
  3 orc wizards
  8 worker ants
  A hound (D:8)
  4 ogres
  A killer bee zombie (D:7)
  2 iguanas
  A sky beast zombie (D:5)
  Ijyb (D:6)
  A hound skeleton (D:7)
  10 adders
  2 orc priests (D:7)
  A giant mite (D:1)
  3 shadow imps
  5 worms
  An ooze (D:4)
  40 orcs
  A ball python (D:5)
  9 giant cockroaches
  4 gnolls (D:7)
  10 hobgoblins
  14 jackals
  6 quokkas
  15 bats
  2 giant newts (D:2)
  A giant newt skeleton (D:4)
  11 goblins
  A hobgoblin skeleton (D:4)
  20 kobolds
  A kobold skeleton (D:4)
  An orc skeleton (D:5)
  A quokka skeleton (D:6)
  A quokka zombie (D:6)
  19 rats
  A rat skeleton (D:7)
  10 ballistomycetes (D:8)
244 creatures vanquished.

Vanquished Creatures (others)
  A giant frog (D:6)
  2 giant spores (D:8)
3 creatures vanquished.

Grand Total: 247 creatures vanquished

Notes
Turn   | Place    | Note
--------------------------------------------------------------
     0 | D:1      | nsdk123, the Hill Orc Fighter, began the quest for the Orb.
     0 | D:1      | Reached XP level 1. HP: 19/19 MP: 1/1
   178 | D:1      | Reached XP level 2. HP: 22/27 MP: 2/2
   606 | D:1      | Reached skill level 4 in Fighting
   982 | D:2      | Reached XP level 3. HP: 33/33 MP: 3/3
  1047 | D:2      | Reached skill level 1 in Dodging
  1216 | D:2      | Reached XP level 4. HP: 21/40 MP: 4/4
  1435 | D:2      | Found a white marble altar of Elyvilon.
  2077 | D:3      | Reached XP level 5. HP: 47/47 MP: 5/5
  2223 | D:3      | Found an opulent altar of Gozag.
  2365 | D:4      | Noticed a sky beast
  2399 | D:4      | Killed a sky beast
  2399 | D:4      | Reached XP level 6. HP: 11/55 MP: 6/6
  2494 | D:4      | Reached skill level 5 in Fighting
  3145 | D:4      | Found Simampun's Assorted Antiques.
  3171 | D:4      | Bought a garnet ring for 135 gold pieces
  3220 | D:4      | Reached skill level 5 in Shields
  3337 | D:4      | Reached XP level 7. HP: 61/61 MP: 7/7
  3578 | D:5      | Entered Level 5 of the Dungeon
  3578 | D:5      | Noticed MechanicPope's ghost (experienced FoFi)
  3824 | D:5      | Got an ancient dagger
  3826 | D:5      | Identified the +9 dagger "Hifal" {drain, rElec rPois Stlth+} (You found it on level 5 of the Dungeon)
  4396 | D:5      | Reached skill level 1 in Short Blades
  4445 | D:5      | Found a staircase to the Ecumenical Temple.
  4474 | Temple   | Entered the Ecumenical Temple
  4525 | Temple   | Became a worshipper of Warmaster Okawaru
  4612 | D:5      | Reached skill level 5 in Armour
  4951 | D:6      | Reached skill level 6 in Shields
  4951 | D:6      | Reached XP level 8. HP: 70/70 MP: 8/8
  4996 | D:6      | Noticed Sigmund
  5024 | D:6      | Killed Sigmund
  5264 | D:6      | Noticed Ijyb
  5272 | D:6      | Killed Ijyb
  5318 | D:6      | Noticed Pikel
  5331 | D:6      | Killed Pikel
  5331 | D:6      | Acquired Okawaru's first power
  5331 | D:6      | Reached skill level 5 in Long Blades
  5587 | D:6      | Found a glowing golden altar of the Shining One.
  6146 | D:7      | Reached skill level 7 in Armour
  6155 | D:7      | Reached XP level 9. HP: 48/75 MP: 9/9
  6468 | D:7      | Found Phacaxuo's Distillery.
  6761 | D:7      | Noticed Menkaure
  6768 | D:7      | Killed Menkaure
  6834 | D:7      | Reached skill level 8 in Armour
  6993 | D:7      | Noticed Prince Ribbit
  7005 | D:7      | Killed Prince Ribbit
  7005 | D:7      | Reached skill level 5 in Short Blades
  7412 | D:8      | Found a burning altar of Makhleb.
  7993 | D:8      | Upgraded the game from 0.15-a0-1729-g99b9770 to 0.15-a0-1766-g0ee8742
  8261 | D:8      | Slain by an orc warrior

Action                   |  1- 3 |  4- 6 |  7- 9 || total
-------------------------+-------+-------+-------++-------
Melee: Long sword        |    79 |   328 |    85 ||   492
       Dagger            |    63 |       |   429 ||   492
       Unarmed           |       |       |    34 ||    34
Invok: Heroism           |       |       |     1 ||     1
  Use: Scroll            |     2 |       |     3 ||     5
       Potion            |       |     7 |     1 ||     8
